 Dungeon Crawl Stone Soup version 0.26-a0-708-g17f3b190f9 (webtiles) character file.

Game seed: 6001044730535316183

14 robertstho the Skirmisher (level 2, 0/24 HPs)
             Began as a Demonspawn Abyssal Knight on Oct 29, 2020.
             Was a Follower of Lugonu.
             Succumbed to a kobold's poison
             ... on level 1 of the Dungeon.
             The game lasted 00:00:53 (766 turns).

robertstho the Skirmisher (DsAK)                     Turns: 766, Time: 00:00:53

Health: 0/24       AC:  6    Str:  9 (12) XL:     2   Next: 31%
Magic:  4/4        EV: 11    Int: 11 (13) God:    Lugonu [*.....]
Gold:   16         SH:  0    Dex: 11 (12) Spells: 1/1 levels left

rFire    + . .     SeeInvis .   n - +2 short sword (venom)
rCold    . . .     Faith    .   (no shield)
rNeg     . . .     Spirit   .   b - +0 leather armour
rPois    .         Reflect  .   (no helmet)
rElec    .         Harm     .   (no cloak)
rCorr    .         Rampage  .   l - +2 pair of gloves
MR       .....                  (no boots)
Stlth    +.........             (no amulet)
HPRegen  0.08/turn              (no ring)
MPRegen  0.09/turn              (no ring)

@: brilliant, lethally poisoned (0 -> -18), stab, invisible
A: fire resistance 1
a: Depart the Abyss, Renounce Religion


You were on level 1 of the Dungeon.
You worshipped Lugonu.
Lugonu was aware of your devotion.
You visited 1 branch of the dungeon, and saw 1 of its levels.
You visited the Abyss 1 time.

You collected 16 gold pieces.

Inventory:

Hand Weapons
 a - a +1 falchion
 n - a +2 short sword of venom (weapon)
Missiles
 f - 20 poisoned darts (quivered)
Armour
 b - a +0 leather armour (worn)
 l - a +2 pair of gloves (worn)
Scrolls
 d - a scroll of teleportation {unknown}
 g - a scroll of identify {unknown}
 h - a scroll of enchant weapon {unknown}
 k - a scroll of magic mapping {unknown}
Potions
 j - a potion of brilliance
 m - a potion of ambrosia {unknown}


   Skills:
 * Level 3.4 Fighting
 + Level 1.8 Long Blades
 * Level 2.0 Armour
 + Level 0.8 Dodging
 * Level 2.7 Invocations


You had one spell level left.
You didn't know any spells.
Your spell library was empty.

Dungeon Overview and Level Annotations

Branches:
Dungeon (1/15)

Altars:


Innate Abilities, Weirdness & Mutations

Your flesh is heat resistant. (rF+)


Message History

You feel sick.
You feel sick.
* * * LOW HITPOINT WARNING * * *
You feel sick.
It was a potion of brilliance.
You feel clever all of a sudden.
* * * LOW HITPOINT WARNING * * *
You feel sick.
It was a potion of stabbing.
You feel ready to backstab.
* * * LOW HITPOINT WARNING * * *
You feel sick.
It was a potion of degeneration.
There was something very wrong with that liquid.
You feel weakened.
You feel dopey.
You feel clumsy.
* * * LOW HITPOINT WARNING * * *
You feel sick.
It was a potion of invisibility.
You fade into invisibility!
You die...

.#.......#..###............#.#.##
.#...#......# #..................
.#...#..#.. #............##..##
............###............##..#
........ ..................##..#
.#...#.. .................###..#
.#. #...##...........# #..#
#...##...........# #..#
#..>...@.........###..##
#.####..................
.............###.###
...................... #########
#####...#....##.#######
........##### #...#..............
#####.......###..................
.....###......##.................
........###....# ........####.##


There were no monsters in sight!

Vanquished Creatures
  A giant cockroach (D:1)
  2 goblins (D:1)
  3 hobgoblins (D:1)
  A bat (D:1)
  2 frilled lizards (D:1)
  3 kobolds (D:1)
  2 rats (D:1)
14 creatures vanquished.

Notes
Turn   | Place    | Note
-------+----------+-------------------------------------------
     0 | Abyss:1  | robertstho the Demonspawn Abyssal Knight began the quest
                  | for the Orb.
     0 | Abyss:1  | Reached XP level 1. HP: 18/18 MP: 2/2
    15 | Abyss:1  | Found a corrupted altar of Lugonu.
    75 | Abyss:1  | Noticed a bone dragon
    76 | D:1      | Escaped the Abyss
   619 | D:1      | Reached * piety under Lugonu
   619 | D:1      | Gained mutation: Your flesh is heat resistant. (rF+)
                  | [demonic ancestry]
   619 | D:1      | Reached XP level 2. HP: 24/24 MP: 4/4
   765 | D:1      | HP: 1/24 [poisoned by a kobold]
   766 | D:1      | Succumbed to a kobold's poison

Illustrated notes

Levels and vault maps discovered:
D:1:      dpeg_arrival_oval, layout_basic

Skill      XL: |  1 |
---------------+----+-----
Armour         | 2 |  2.0
Fighting       | |  3.4
Long Blades    | |  1.8
Dodging        | |  0.8
Invocations    | |  2.7

Action                   || total
-------------------------++-------
Melee: Falchion          ||    31
Invok: Depart the Abyss  ||     1
  Use: Potion            ||     4
Armor: Leather armour    ||    11
Dodge: Dodged            ||    13
       Rpst.: Falchion   ||     5

Table legend: (Time is in decaauts)
 A = Elapsed time spent in this place.
 B = Non-inter-level travel time spent in this place.
 C = Inter-level travel time spent in this place.
 D = Time resting spent in this place.
 E = Time spent auto-exploring this place.
 F = Levels seen in this place.
 G = Mean time per level.
                   A        B        C        D        E       F      G
               +--------+--------+--------+--------+--------+-----+--------+
         Total |    771 |    771 |      0 |      0 |    651 |   2 |  385.5 |
       Dungeon |    695 |    695 |      0 |      0 |    576 |   1 |  695.0 |
         Abyss |     76 |     76 |      0 |      0 |     75 |   1 |   76.0 |
               +--------+--------+--------+--------+--------+-----+--------+

Top non-repeatable levels by time:
     D:1: 695 daAuts
 Abyss:1: 76 daAuts
